 Dungeon Crawl Stone Soup version 0.23.2-33-g5129a83184 (webtiles) character file.

Game seed: 12572779264790616098

2756 Kold the Destroyer (level 9, -1/71 HPs)
             Began as a Purple Draconian Conjurer on July 11, 2019.
             Was a Follower of Vehumet.
             Slain by Harold
             ... wielding a +0 dire flail
              (21 damage)
             ... on level 7 of the Dungeon.
             The game lasted 00:19:27 (7825 turns).

Kold the Destroyer (Purple Draconian Conjurer)      Turns: 7825, Time: 00:19:27

Health: -1/71      AC:  8    Str: 11    XL:     9   Next: 41%
Magic:  5/18       EV: 13    Int: 18    God:    Vehumet [*.....]
Gold:   392        SH:  0    Dex: 12    Spells: 9/20 levels left

rFire    . . .     SeeInvis .   n - staff of conjuration
rCold    + . .     Gourm    .   (no shield)
rNeg     . . .     Faith    .   (armour unavailable)
rPois    .         Spirit   .   (helmet restricted)
rElec    .         Reflect  .   (no cloak)
rCorr    .         Harm     .   s - +0 pair of gloves
MR       +....                  (no boots)
Stlth    ++........             (no amulet)
HPRegen  0.21/turn              r - ring of wizardry
MPRegen  0.16/turn              l - ring of protection from cold

@: about to teleport
A: breathe power, unfitting armour, cold-blooded, AC +7
a: Breathe Dispelling Energy, Renounce Religion


You were on level 7 of the Dungeon.
You worshipped Vehumet.
Vehumet was aware of your devotion.
You were not hungry.

You visited 2 branches of the dungeon, and saw 8 of its levels.

You collected 392 gold pieces.

Inventory:

Armour
 s - a +0 pair of gloves (worn)
Magical Staves
 n - an uncursed staff of conjuration (weapon)
Jewellery
 f - an uncursed ring of protection from fire
 k - an uncursed ring of fire
 l - a ring of protection from cold (right hand)
 r - a ring of wizardry (left hand)
Wands
 e - a wand of iceblast (11)
 q - a wand of random effects (25)
Scrolls
 d - 2 scrolls of teleportation
 g - 7 scrolls of identify
 h - 3 scrolls of remove curse
 i - a scroll of magic mapping
 w - a scroll of immolation
 y - a scroll of amnesia {unknown}
 A - a scroll of enchant weapon {unknown}
Potions
 a - 5 potions of curing {unknown}
 c - 3 potions of heal wounds
 j - a potion of cancellation {unknown}
 m - 2 potions of mutation {unknown}
 o - a potion of might {unknown}
 p - a potion of haste {unknown}
 t - a potion of experience {unknown}
 u - 2 potions of invisibility {unknown}
 v - a potion of resistance {unknown}
 z - a potion of magic {unknown}
Comestibles
 b - 8 rations
 x - 3 chunks of flesh


   Skills:
 + Level 4.0 Fighting
 + Level 4.0 Dodging
 - Level 2.0 Stealth
 + Level 6.4 Spellcasting
 - Level 10.0 Conjurations
 - Level 5.0 Hexes
 + Level 0.0 Evocations


You had 9 spell levels left.
You knew the following spells:

 Your Spells              Type           Power        Failure   Level  Hunger
a - Magic Dart            Conj           ####         1%          1    None
b - Searing Ray           Conj           ######       1%          2    None
c - Iskenderun's Mystic   Conj           ######..     1%          4    ####...
d - Fulminant Prism       Conj/Hex       #####.....   2%          4    ####...

Your spell library contained the following spells:

 Spells                   Type           Power        Failure   Level  Hunger
 Sting                    Conj/Pois      ####         1%          1    None
 Corona                   Hex            ###....      1%          1    None
 Confuse                  Hex            ###.....     1%          3    ##.....
 Dazzling Spray           Conj/Hex       #####.       1%          3    ##.....
 Tukima's Dance           Hex            ###.....     1%          3    ##.....
 Ensorcelled Hibernation  Hex/Ice        ##....       2%          2    None
 Force Lance              Conj/Tloc      #####...     6%          4    ####...


Dungeon Overview and Level Annotations

Branches:
Dungeon (7/15)             Temple (1/1) D:5

Altars:
Ashenzari
Fedhas
Gozag
Nemelex Xobeh
Okawaru
Qazlal
Sif Muna
Vehumet
Yredelemnul

Annotations:
D:5 Eustachio
D:6 2 transporters
D:7 Harold


Innate Abilities, Weirdness & Mutations

You can breathe bolts of dispelling energy.
Your rich purple scales are hard. (AC +7)
You cannot fit into any form of body armour.
You are cold-blooded and may be slowed by cold attacks.


Message History

Aim: Harold, wielding a +0 dire flail and wearing a +0 chain mail (lightly wounded)
You feel a surge of power!
The orb of energy hits Harold!!
Harold is moderately wounded.
The orb of energy explodes!
Harold hits you with a +0 dire flail!
Casting: Iskenderun's Mystic Blast (safe; 1% risk of failure)
Confirm with . or Enter, or press ? or * to list all spells.
Aiming: Searing Ray (safe; 1% risk of failure)
Press: ? - help, Shift-Dir - straight line, f/p - Harold
Aim: Harold, wielding a +0 dire flail and wearing a +0 chain mail (moderately wounded)
You feel a surge of power!
The searing ray hits Harold.
Harold is moderately wounded. (Press . to maintain the ray.) Harold hits you with a +0 dire flail!
The searing ray hits Harold!
Harold is heavily wounded.
Harold hits you with a +0 dire flail!!
* * * LOW HITPOINT WARNING * * *
As you read the scroll of teleportation, it crumbles to dust.
You feel strangely unstable. Harold hits you with a +0 dire flail!!
You die...

......... ..##
.......... .....###
..........##..#....
..........##.##....
..........##.#.....
................... .
..........(......# ...
.................##.....
.........###....@.......
........###......@......
....................##..
#...##.......##..#..#
....#####....##....##
###.## ##...##.....#
#..###...........#
#..##............
###...............


You could see Harold.

Vanquished Creatures
  A hippogriff (D:7)
  2 hungry ghosts (D:7)
  Duvessa (D:5)
  An orc warrior (D:7)
  An ice beast (D:7)
  A phantom (D:4)
  A black bear (D:7)
  5 ogres
  A centaur (D:5)
  A crocodile (D:7)
  3 bullfrogs
  A scorpion (D:6)
  Dowan (D:5)
  2 jellies
  A howler monkey (D:2)
  4 crimson imps
  4 hounds
  A quasit (D:7)
  5 orc priests
  A bullfrog skeleton (D:5)
  Jessica (D:3)
  Ijyb (D:5)
  An iguana (D:4)
  5 orc wizards
  8 adders
  A shadow imp (D:5)
  4 worms
  2 dart slugs (D:2)
  5 leopard geckos
  22 orcs
  5 giant cockroaches
  7 goblins
  12 hobgoblins
  6 jackals
  9 kobolds
  A quokka (D:3)
  12 bats
  12 frilled lizards
  A jackal skeleton (D:4)
  11 rats
164 creatures vanquished.

Notes
Turn   | Place    | Note
-------+----------+-------------------------------------------
     0 | D:1      | Kold the Draconian Conjurer began the quest for the Orb.
     0 | D:1      | Reached XP level 1. HP: 14/14 MP: 3/3
   226 | D:1      | Reached XP level 2. HP: 15/20 MP: 3/5
   784 | D:1      | Reached XP level 3. HP: 24/26 MP: 3/6
   794 | D:1      | Learned a level 2 spell: Searing Ray
  1441 | D:2      | Reached XP level 4. HP: 33/33 MP: 4/8
  1673 | D:2      | Reached skill level 5 in Conjurations
  2048 | D:2      | Noticed an ogre
  2053 | D:2      | Killed an ogre
  2053 | D:2      | Reached XP level 5. HP: 38/38 MP: 3/11
  2062 | D:2      | Learned a level 4 spell: Iskenderun's Mystic Blast
  2067 | D:2      | Learned a level 4 spell: Fulminant Prism
  2667 | D:2      | Reached XP level 6. HP: 45/45 MP: 10/12
  2835 | D:3      | Noticed Jessica
  2839 | D:3      | Killed Jessica
  2839 | D:3      | Reached skill level 6 in Conjurations
  2839 | D:3      | Reached skill level 1 in Hexes
  3822 | D:4      | Reached skill level 7 in Conjurations
  3822 | D:4      | Your scales start taking on a rich purple colour.
  3822 | D:4      | Reached XP level 7. HP: 23/50 MP: 0/14
  4365 | D:5      | Entered Level 5 of the Dungeon
  4635 | D:5      | Found a staircase to the Ecumenical Temple.
  4635 | D:5      | Noticed Duvessa
  4635 | D:5      | Noticed Dowan
  4639 | D:5      | Killed Dowan
  4823 | D:5      | Reached skill level 8 in Conjurations
  4853 | D:5      | Reached XP level 8. HP: 55/57 MP: 2/15
  5161 | D:5      | Killed Duvessa
  5200 | Temple   | Entered the Ecumenical Temple
  5223 | Temple   | Became a worshipper of Vehumet
  5317 | D:5      | Noticed Eustachio
  5477 | D:5      | Noticed Ijyb
  5484 | D:5      | Killed Ijyb
  5484 | D:5      | Reached skill level 5 in Hexes
  5810 | D:6      | Found a transporter.
  5822 | D:6      | Noticed a kobold demonologist
  5830 | D:6      | Found a transporter.
  5848 | D:6      | Reached skill level 9 in Conjurations
  5849 | D:6      | Reached skill level 5 in Spellcasting
  5851 | D:6      | Reached skill level 1 in Fighting
  6252 | D:6      | Reached * piety under Vehumet
  6252 | D:6      | Offered knowledge of Sting by Vehumet.
  7175 | D:7      | Reached XP level 9. HP: 68/68 MP: 12/17
  7485 | D:7      | Found an opulent altar of Gozag.
  7498 | D:7      | Reached skill level 10 in Conjurations
  7818 | D:7      | Noticed Harold
  7825 | D:7      | Slain by Harold

Skill      XL: |  1  2  3  4  5  6  7  8  9 |
---------------+----------------------------+-----
Dodging        | 2 3 4 |  4.0
Stealth        | 2 |  2.0
Spellcasting   | 3 4 5 6 |  6.4
Conjurations   | 5 7 8 9 10 | 10.0
Hexes          | 2 4 5 |  5.0
Fighting       | 2 4 |  4.0

Action                   |  1- 3 |  4- 6 |  7- 9 || total
-------------------------+-------+-------+-------++-------
Melee: Unarmed           |    11 |       |       ||    11
       Tailslap          |     3 |     3 |     5 ||    11
       Club              |    50 |    26 |       ||    76
       Staff             |       |     7 |    93 ||   100
 Cast: Magic Dart        |    58 |   157 |   138 ||   353
       Searing Ray       |       |    10 |    22 ||    32
       Iskenderun's Myst |       |       |    23 ||    23
 Abil: Breathe Dispellin |       |       |     2 ||     2
Evoke: Wand              |       |       |     7 ||     7
  Use: Scroll            |       |       |     9 ||     9
 Stab: Distracted        |     1 |       |       ||     1
       Paralysed         |       |       |     8 ||     8
  Eat: Chunk             |     2 |     8 |     7 ||    17
       Ration            |       |       |     3 ||     3
Armor: Skin              |    22 |    22 |    69 ||   113
Dodge: Dodged            |    61 |    61 |   106 ||   228
